 Dungeon Crawl Stone Soup version 0.31-a0-152-g6aa68a64a1 (webtiles) character file.

Game seed: 13423238989144235994

121 qw the Shooter (level 4, -1/38 HPs)
             Began as a Minotaur Hunter on June 10, 2023.
             Slain by an orc
             ... wielding a +0 mace
              (3 damage)
             ... on level 3 of the Dungeon.
             The game lasted 00:00:37 (1735 turns).

qw the Shooter (Minotaur Hunter)                    Turns: 1735, Time: 00:00:38

Health: -1/38      AC:  4    Str: 15    XL:     4   Next: 76%
Magic:  3/3        EV: 12    Int:  6    God:
Gold:   120        SH:  0    Dex: 16    Spells: 3/3 levels left

rFire   . . .        Y - +0 shortbow
rCold   . . .        (shield currently unavailable)
rNeg    . . .        c - +0 leather armour
rPois   .            (helmet restricted)
rElec   .            (no cloak)
rCorr   .            a - +0 pair of gloves
SInv    .            (no boots)
Will    .....        b - amulet of faith
Stlth   +            (no ring)
HPRegen 0.26/turn    (no ring)
MPRegen 0.08/turn

%: faith
@: no status effects
A: horns 2, retaliatory headbutt
a: no special abilities


You were on level 3 of the Dungeon.
You visited 1 branch of the dungeon, and saw 3 of its levels.

You collected 120 gold pieces.


Innate Abilities, Weirdness & Mutations

You have a pair of horns on your head.
You reflexively headbutt those who attack you in melee.


   Skills:
 + Level 3.5 Fighting
 - Level 6.0 Ranged Weapons
 - Level 1.8 Armour
 - Level 2.1 Dodging
 - Level 0.7 Stealth


You had 3 spell levels left.
You didn't know any spells.
Your spell library was empty.

Inventory:

Hand Weapons
 Y - a +0 shortbow (weapon)
Armour
 a - a +0 pair of gloves (worn)
 c - a +0 leather armour (worn)
Jewellery
 b - an amulet of faith (around neck)
 d - an amulet of the acrobat
Potions
 e - a potion of brilliance {unknown}
 f - 3 potions of lignification {unknown}
 g - a potion of haste {unknown}
 h - a potion of curing {unknown}
 i - a potion of resistance {unknown}

Dungeon Overview and Level Annotations

Branches:
Dungeon (3/15)

Altars:


Message History

You shoot an arrow. The arrow barely misses the orc.
The arrow closely misses the orc.
The orc barely misses you. x3
You shoot an arrow. The arrow barely misses the orc.
The arrow completely misses the orc.
The orc barely misses you. The orc hits you with a +0 club.
You shoot an arrow. The arrow hits the orc.
The orc is severely wounded.
The orc barely misses you. You furiously retaliate!
You headbutt the orc. The orc misses you. The orc barely misses you.
You shoot an arrow. The arrow hits the orc!
You kill the orc!
The orc hits you but does no damage. The orc hits you with a +0 club.
You shoot an arrow. The arrow hits the orc.
The orc is almost dead.
The orc hits you from afar with a +0 trident.
The orc hits you with a +0 mace.
You shoot an arrow. The arrow barely misses the orc.
The orc hits you from afar with a +0 trident.
The orc barely misses you. The orc closely misses you.
The orc hits you from afar with a +0 trident.
The orc barely misses you. The orc misses you. The orc completely misses you.
You shoot an arrow. The arrow barely misses the orc.
The orc hits you but does no damage. The orc closely misses you. x3
You furiously retaliate!
You headbutt the orc.
You kill the orc!
You shoot an arrow. The arrow barely misses the orc.
The orc barely misses you. x2; The orc misses you.
You shoot an arrow.
The arrow hits the orc but does no damage.
The orc barely misses you. The orc closely misses you.
You shoot an arrow. The arrow hits the orc.
The orc is almost dead.
The orc closely misses you. The orc hits you but does no damage.
The orc barely misses you.
You shoot an arrow. The arrow hits the orc.
You kill the orc!
The orc hits you with a +0 mace. The orc misses you.
The orc hits you with a +0 mace.
You die...

........... ...#
........... ...#
...........#... ##
...........#.. ..#
....... ...#.# #.#
....... ..#.###.#
.......####......#
..........(......#
......o@###......#
......))# #......#
###..o..# ######'####
#...... .##.......####
#.....##..............
#)..%...###.......####
....... #...........
........ #.......####
#.........#


You could see 2 orcs.

Vanquished Creatures
  Terence (D:2)
  An orc wizard (D:3)
  2 adders (D:2)
  A dart slug (D:2)
  4 orcs (D:3)
  2 ball pythons
  4 bats
  4 endoplasms
  3 giant cockroaches
  5 goblins
  5 hobgoblins
  2 quokkas
  2 frilled lizards
  6 kobolds
  3 rats (D:1)
45 creatures vanquished.

Notes
Turn   | Place    | Note
-------+----------+-------------------------------------------
     0 | D:1      | qw the Minotaur Hunter began the quest for the Orb.
     0 | D:1      | Reached XP level 1. HP: 18/18 MP: 0/0
     0 | D:1      | 0 ||| qw: Version: 0.2-a-122-gbc61b45
     0 | D:1      | 0 ||| qw: Game counter: 3653
     0 | D:1      | 0 ||| qw: Always use a shield: true
     0 | D:1      | 0 ||| qw: God list: Okawaru
     0 | D:1      | 0 ||| qw: Allow faded altars: false
     0 | D:1      | 0 ||| qw: Do Orc after D:15 true
     0 | D:1      | 0 ||| qw: Do second Lair branch before Depths: true
     0 | D:1      | 0 ||| qw: Lair rune preference: random
     0 | D:1      | 0 ||| qw: Plans: Normal
     0 | D:1      | 0 ||| PLANNING D:1-11
   212 | D:1      | Reached XP level 2. HP: 25/25 MP: 1/1
   217 | D:1      | Reached skill level 5 in Ranged Weapons
   308 | D:1      | Reached skill level 3 in Fighting
   546 | D:1      | 546 ||| READING scroll labelled ITOWKIRUWIYP.
   547 | D:1      | 547 ||| READING 2 scrolls labelled LYIWNE UFASO.
   548 | D:1      | 548 ||| READING scroll labelled MEROIL WAD.
   549 | D:1      | 549 ||| DROPPING scroll of butterflies.
   550 | D:1      | 550 ||| DROPPING scroll of immolation.
   811 | D:2      | Reached XP level 3. HP: 31/31 MP: 2/2
   993 | D:2      | Found a faded altar of an unknown god.
  1024 | D:2      | Noticed Terence
  1035 | D:2      | Killed Terence
  1118 | D:2      | Reached skill level 6 in Ranged Weapons
  1118 | D:2      | Reached XP level 4. HP: 31/38 MP: 3/3
  1118 | D:2      | 1118 ||| FLEEEEING.
  1119 | D:2      | 1119 ||| FLEEEEING.
  1618 | D:2      | 1618 ||| UPGRADING to +0 pair of gloves.
  1623 | D:2      | 1623 ||| UPGRADING to amulet of faith.
  1628 | D:2      | 1628 ||| DRINKING 2 smoky ruby potions.
  1629 | D:2      | 1629 ||| DROPPING potion of invisibility.
  1720 | D:3      | Reached skill level 1 in Armour
  1730 | D:3      | HP: 9/38 [orc/+0 trident (1)]
  1730 | D:3      | HP: 4/38 [orc/+0 trident (5)]
  1735 | D:3      | HP: 2/38 [orc/+0 mace (4)]
  1735 | D:3      | Slain by an orc

Levels and vault maps discovered:
D:1:      dpeg_arrival_snail, layout_rooms, minmay_pentomino_w2
D:2:      layout_loops_corners, shapermc_ecumenical_altar_petra,
          palyth_stone_intersect, uniq_terence
D:3:      layout_basic

Skill      XL: |  1  2  3  4 |
---------------+-------------+-----
Ranged Weapons | 5 6 |  6.0
Fighting       | 3 |  3.5
Armour         | 1 |  1.8
Dodging        | |  2.1
Stealth        | |  0.7

Action                     |  1- 3 |  4- 6 || total
---------------------------+-------+-------++-------
   Fire: Shortbow          |    97 |    47 ||   144
    Use: Scroll            |     3 |       ||     3
         Potion            |       |     1 ||     1
 Armour: Leather armour    |     8 |     8 ||    16
  Dodge: Dodged            |    32 |    32 ||    64

Table legend:
 A = Non-vault XP
 B = Vault XP
 C = Vault XP percentage of total XP
 D = Non-vault monster count
 E = Vault monster count
 F = Vault count percentage of total count
                 A         B        C        D         E       F
            +---------+---------+-------+---------+---------+-------
      Total |     136 |      40 |  22.7 |      42 |       3 |   6.7
            +---------+---------+-------+---------+---------+-------
        D:1 |      35 |       2 |   5.4 |      21 |       2 |   8.7
        D:2 |      50 |      38 |  43.2 |      14 |       1 |   6.7
        D:3 |      51 |       0 |   0.0 |       7 |       0 |   0.0
            +---------+---------+-------+---------+---------+-------
